 Dungeon Crawl Stone Soup version 0.24.1-5-g77f818bfca (webtiles) character file.

Game seed: 10007638116073486929, levelgen mode: deterministic

6869 raph the Spear-Bearer (level 10, -2/84 HPs)
             Began as a Minotaur Berserker on Apr 22, 2020.
             Was a High Priest of Trog.
             Slain by an orc warrior
             ... wielding a +0 glaive
              (20 damage)
             ... on level 9 of the Dungeon on Apr 23, 2020.
             The game lasted 00:24:33 (9215 turns).

raph the Spear-Bearer (Minotaur Berserker)          Turns: 9215, Time: 00:24:34

Health: -2/84      AC: 10    Str: 22    XL:     10   Next: 78%
Magic:  0/3        EV: 16    Int:  4    God:    Trog [*****.]
Gold:   178        SH:  0    Dex: 18    Spells: 9/9 levels left

rFire    + . .     SeeInvis .   a - +5 glaive (antimagic)
rCold    + + .     Gourm    .   (shield currently unavailable)
rNeg     . . .     Faith    .   w - +0 ring mail of Intuition {*Drain rC+ Dex+5}
rPois    +         Spirit   +   (helmet restricted)
rElec    +         Reflect  .   G - +0 cloak
rCorr    +         Harm     .   h - +1 pair of gloves
MR       .....                  (no boots)
Stlth    +.........             z - amulet of guardian spirit
HPRegen  0.24/turn              y - ring of poison resistance
MPRegen  0.08/turn              n - +2 ring of evasion

@: resistant, berserk cooldown, slowed, very slow
A: retaliatory headbutt, horns 2
a: Berserk, Trog's Hand, Brothers in Arms, Renounce Religion


You were on level 9 of the Dungeon.
You worshipped Trog.
Trog was extremely pleased with you.
You were near starving.

You visited 1 branch of the dungeon, and saw 9 of its levels.

You collected 508 gold pieces.
You spent 330 gold pieces at shops.

Inventory:

Hand Weapons
 a - a +5 antimagic glaive (weapon)
 d - a +0 trident
 F - a +0 trident
 H - a +1 spear
Missiles
 o - 30 poisoned darts (quivered)
 B - 3 throwing nets
Armour
 h - a +1 pair of gloves (worn)
 s - a +1 shield
 w - the +0 ring mail of Intuition (worn) {*Drain rC+ Dex+5}
   (You found it on level 5 of the Dungeon)

   It affects your dexterity (+5).
   It protects you from cold.
   It causes draining when unequipped.
 G - a +0 cloak (worn)
Jewellery
 e - an uncursed ring of protection from fire
 n - a +2 ring of evasion (right hand)
 q - an uncursed ring of positive energy
 y - a ring of poison resistance (left hand)
 z - an amulet of guardian spirit (around neck)
Wands
 t - a wand of polymorph (5)
 x - a wand of clouds (4)
 C - a wand of digging (4)
 J - a wand of disintegration (7)
Scrolls
 f - 4 scrolls of remove curse
 r - 3 scrolls of magic mapping
 u - 2 scrolls of enchant weapon
 D - 2 scrolls of identify
 E - a scroll of enchant armour
Potions
 g - 7 potions of brilliance
 i - 2 potions of flight
 j - a potion of magic {unknown}
 l - a potion of berserk rage {unknown}
 m - a potion of agility {unknown}
 p - 6 potions of curing
 v - a potion of invisibility {unknown}
 A - 2 potions of degeneration {unknown}
Comestibles
 c - 22 rations


   Skills:
 - Level 6.6 Fighting
 * Level 13.7 Polearms
 - Level 0.6 Throwing
 - Level 7.0 Armour
 - Level 5.2 Dodging
 - Level 0.8 Stealth
 - Level 9.7 Shields


You had 9 spell levels left.
You didn't know any spells.
Your spell library contained the following spells:

 Spells                   Type           Power        Failure   Level  Hunger
 Magic Dart               Conj           #...         65%         1    ##.....
 Searing Ray              Conj           #.....       78%         2    ###....
 Dazzling Spray           Conj/Hex       #.....       95%         3    ####...
 Force Lance              Conj/Tloc      #.......     100%        4    #####..
 Fulminant Prism          Conj/Hex       #.........   100%        4    #####..
 Iskenderun's Mystic Bla  Conj           #.......     100%        4    #####..


Dungeon Overview and Level Annotations

Branches:
Dungeon (9/15)             Temple (0/1) D:7            Lair (0/6) D:9
    Orc: D:9-12

Altars:
Ashenzari
Dithmenos
Elyvilon
Makhleb
Nemelex Xobeh
Okawaru
Sif Muna
Trog
Xom
Yredelemnul
Zin
The Shining One
Lugonu

Shops:
D:5 =

Annotations:
D:7 2 transporters, kolakolka's ghost, novice TrTm
D:8 2 transporters


Innate Abilities, Weirdness & Mutations

You reflexively headbutt those who attack you in melee.
You have a pair of horns on your head.


Message History

The bullfrog zombie hits you but does no damage.
Items here: ) ? [ † a +0 whip; a +0 chain mail; a scroll labeled QOOWNA QYHO; a warg corpse You are near starving!
You hit the orc warrior but do no damage.
You headbutt the orc warrior.
The orc warrior is lightly wounded.
The jelly hits you but does no damage. The bullfrog zombie closely misses you.
You furiously retaliate!
You headbutt the bullfrog zombie!
The orc warrior hits you with a +0 glaive.
* * * LOW HITPOINT WARNING * * *
The jelly barely misses you.
Your two-headed ogre goes berserk!
You feel quite a bit more hungry. The hound bites you but does no damage.
The bullfrog zombie hits you but does no damage.
The hound misses you.
The bullfrog zombie hits you but does no damage.
The jelly barely misses you. You furiously retaliate!
You headbutt the jelly!
The orc warrior hits you with a +0 glaive!!
You die...

########### .......O..#
..........# ###
........h@## .. #
........oZJ## #.######..
.........#o##.##........o
.####.....## #...........
#$....... #..<...#
.......P.. #......#
........o.Z.Z...##.#
.?....>..........# #
........o...#.#.#


You could see an orc warrior, a hound, a jelly, an orc priest, a bullfrog zombie
and a friendly two-headed ogre (berserk).

Vanquished Creatures
  A hydra (D:8)
  Erica (D:8)
  Pikel (D:4)
  A troll (D:8)
  2 dream sheep (D:8)
  Sigmund (D:2)
  2 yaks (D:8)
  A hungry ghost (D:7)
  2 wargs (D:9)
  A sky beast (D:7)
  A black bear (D:6)
  4 ice beasts
  2 orc warriors
  2 phantoms (D:6)
  A necrophage (D:5)
  An ogre (D:4)
  A centaur (D:7)
  Blork the orc (D:5)
  5 bullfrogs
  3 big kobolds
  A scorpion (D:7)
  8 killer bees
  A crimson imp (D:5)
  A howler monkey (D:7)
  2 centaur zombies
  2 bullfrog zombies
  3 hounds
  A quasit (D:7)
  14 orc wizards
  6 orc priests
  2 jellies (D:7)
  2 centaur skeletons
  Natasha (twice) (D:3)
  2 iguanas
  6 worker ants
  2 hound skeletons
  A worker ant zombie (D:7)
  Robin (D:3)
  4 gnolls (D:6)
  5 adders
  A shadow imp (D:8)
  2 adder skeletons
  A worm (D:3)
  9 dart slugs (D:3)
  4 leopard geckos
  40 orcs
  10 bats
  5 giant cockroaches
  8 hobgoblins
  5 jackals (D:3)
  5 quokkas
  4 frilled lizards
  19 goblins
  A jackal skeleton (D:4)
  11 kobolds
  9 rats
  A plant (D:6)
235 creatures vanquished.

Vanquished Creatures (collateral kills)
  A big kobold (D:8)
1 creature vanquished.

Vanquished Creatures (others)
  A worker ant (D:4)
  A dart slug (D:4)
  A bush (D:6)
3 creatures vanquished.

Grand Total: 239 creatures vanquished

Notes
Turn   | Place    | Note
-------+----------+-------------------------------------------
     0 | D:1      | raph the Minotaur Berserker began the quest for the Orb.
     0 | D:1      | Reached XP level 1. HP: 19/19 MP: 0/0
   288 | D:1      | Reached XP level 2. HP: 27/27 MP: 1/1
   348 | D:1      | Reached skill level 4 in Polearms
   798 | D:1      | You fall into a shaft and drop 1 floor!
   798 | D:2      | Noticed Sigmund
   813 | D:2      | Killed Sigmund
   813 | D:2      | Reached skill level 5 in Polearms
   813 | D:2      | Reached XP level 3. HP: 23/35 MP: 2/2
   813 | D:2      | Reached XP level 4. HP: 27/41 MP: 3/3
   813 | D:2      | Reached XP level 5. HP: 31/47 MP: 4/4
  1281 | D:2      | Reached skill level 5 in Fighting
  1449 | D:2      | Found a shadowy altar of Dithmenos.
  1496 | D:2      | Reached ** piety under Trog
  1593 | D:2      | Found an iron altar of Okawaru.
  1738 | D:3      | Noticed Robin
  1738 | D:3      | Noticed Natasha
  1959 | D:3      | Reached XP level 6. HP: 16/56 MP: 5/5
  2352 | D:3      | Killed Robin
  2355 | D:3      | Reached *** piety under Trog
  2355 | D:3      | Reached skill level 6 in Polearms
  2607 | D:3      | You fall into a shaft and drop 1 floor!
  2607 | D:4      | Found a shimmering altar of Xom.
  2635 | D:3      | Found a burning altar of Makhleb.
  2676 | D:3      | Found a glowing golden altar of the Shining One.
  3202 | D:4      | Noticed a slave
  3204 | D:4      | Noticed a slave
  3205 | D:4      | Noticed Pikel
  3207 | D:4      | Noticed a slave
  3208 | D:4      | Noticed a slave
  3218 | D:4      | Killed Pikel
  3218 | D:4      | Reached skill level 7 in Polearms
  3218 | D:4      | Reached XP level 7. HP: 63/63 MP: 6/6
  3376 | D:4      | Found a shadowy altar of Dithmenos.
  3435 | D:4      | Reached XP level 8. HP: 65/70 MP: 7/7
  3927 | D:3      | Killed Natasha
  4016 | D:3      | Noticed Natasha
  4027 | D:3      | Killed Natasha
  4261 | D:5      | Entered Level 5 of the Dungeon
  4267 | D:5      | Reached skill level 8 in Polearms
  4392 | D:5      | Found a shimmering blue altar of Sif Muna.
  4701 | D:5      | Reached **** piety under Trog
  4834 | D:5      | Got a distressingly furry ring mail
  4845 | D:5      | Identified the cursed +0 ring mail of Intuition {*Drain rC+
                  | Dex+5} (You found it on level 5 of the Dungeon)
  4863 | D:5      | Reached skill level 1 in Shields
  5075 | D:5      | Found Pyum's Jewellery Shop.
  5078 | D:5      | Bought an uncursed amulet of guardian spirit for 330 gold
                  | pieces
  5182 | D:5      | Noticed Blork the orc
  5187 | D:5      | Killed Blork the orc
  5187 | D:5      | Reached skill level 9 in Polearms
  5831 | D:6      | Found a basalt altar of Yredelemnul.
  5948 | D:6      | Found a white marble altar of Elyvilon.
  6072 | D:6      | Reached XP level 9. HP: 74/74 MP: 8/8
  6090 | D:6      | Reached skill level 10 in Polearms
  6090 | D:6      | Reached skill level 5 in Shields
  6184 | D:6      | Found a sparkling altar of Nemelex Xobeh.
  7126 | D:7      | Found a staircase to the Ecumenical Temple.
  7202 | D:7      | Reached skill level 11 in Polearms
  7240 | D:7      | Found a bloodstained altar of Trog.
  7241 | D:7      | Reached ***** piety under Trog
  7545 | D:7      | Found a transporter.
  7548 | D:7      | Found a transporter.
  7554 | D:7      | Noticed kolakolka's ghost (novice TrTm)
  7892 | D:8      | Found a corrupted altar of Lugonu.
  7892 | D:8      | Noticed a white ugly thing
  7892 | D:8      | Noticed a red ugly thing
  7894 | D:8      | Noticed a purple ugly thing
  7895 | D:8      | Found a transporter.
  8211 | D:8      | Found a glowing silver altar of Zin.
  8229 | D:8      | Reached XP level 10. HP: 71/82 MP: 9/9
  8277 | D:8      | Found a shattered altar of Ashenzari.
  8292 | D:8      | Noticed Erica
  8305 | D:8      | Killed Erica
  8305 | D:8      | Reached skill level 12 in Polearms
  8547 | D:8      | Reached skill level 5 in Dodging
  8560 | D:8      | Received a gift from Trog
  8717 | D:8      | Noticed a three-headed hydra
  8728 | D:8      | Killed a three-headed hydra
  8728 | D:8      | Reached skill level 13 in Polearms
  8991 | D:8      | Found a transporter.
  9193 | D:9      | Found a staircase to the Lair.
  9215 | D:9      | Slain by an orc warrior

Levels and vault maps discovered:
D:1:      dpeg_arrival_central, layout_basic
D:2:      layout_basic, okawaru_trees_1, first_ration,
          nicolae_dithmenos_through_a_glass_darkly, uniq_sigmund
D:3:      kennysheep_slugbush, layout_loops_cross, marbit_many_paths, tso_altar,
          uniq_robin, uniq_natasha
D:4:      layout_basic, overflow_temple_1_default,
          nicolae_overflow_hidden_temple, uniq_pikel
D:5:      layout_loops_cross, lemuel_crystal_altar, serial_shops, shop,
          uniq_blork_the_orc
D:6:      lemuel_upstairs_altar, layout_loops_corners, kennysheep_ying_yang,
          lemuel_doored_altar, lexackson_kobold_supper
D:7:      layout_rooms, bloody_trog, minmay_temple_entry_wispy,
          gammafunk_ghost_hive
D:8:      gammafunk_corrupted_shrine, layout_loops_corners, zin_statuary,
          hangedman_ranch [blue_anna_fruit_fields], corexii_checkpoint_b,
          cheibrodos_ashenzari_chains, uniq_erica
D:9:      layout_basic, grunt_qazlal_clouds, erik_lair_orcish_takeover

Skill      XL: |  1  2  3  4  5  6  7  8  9 10 |
---------------+-------------------------------+-----
Polearms       | 5 7 9 11 13 | 13.7
Fighting       | 4 5 6 |  6.6
Armour         | 3 4 6 7 |  7.0
Dodging        | 3 4 5 |  5.2
Shields        | 4 8 9 |  9.7
Throwing       | |  0.6
Stealth        | |  0.8

Action                   |  1- 3 |  4- 6 |  7- 9 | 10-12 || total
-------------------------+-------+-------+-------+-------++-------
Melee: Spear             |    39 |   201 |   348 |       ||   588
       Headbutt          |     1 |    28 |   123 |    21 ||   173
       Trident           |       |       |   112 |    45 ||   157
       Glaive            |       |       |       |    30 ||    30
Throw: Dart              |       |     5 |     1 |       ||     6
Invok: Berserk           |     1 |     5 |     8 |     5 ||    19
       Trog's Hand       |       |     2 |       |     2 ||     4
       Brothers in Arms  |       |       |       |     2 ||     2
  Use: Scroll            |       |     6 |    10 |     1 ||    17
       Potion            |       |     1 |       |     2 ||     3
 Stab: Sleeping          |       |       |       |     1 ||     1
  Eat: Chunk             |       |     9 |    24 |     7 ||    40
       Ration            |       |     1 |       |       ||     1
Armor: Ring mail         |     2 |    75 |    45 |    20 ||   142
Dodge: Dodged            |    11 |   106 |   121 |    37 ||   275
Block: Shield            |       |       |   100 |    12 ||   112
